 Dungeon Crawl Stone Soup version 0.29.1-15-g9cfb28693d (webtiles) character file.

Game seed: 12639297525762215656

24 Thatpatchoflichen the Slasher (level 3, -3/29 HPs)
             Began as a Human Monk on Mar 2, 2023.
             Slain by a worm (9 damage)
             ... on level 2 of the Dungeon.
             The game lasted 00:02:04 (1675 turns).

Thatpatchoflichen the Slasher (Human Monk)          Turns: 1675, Time: 00:02:04

Health: -3/29      AC:  2    Str: 11    XL:     3   Next: 15%
Magic:  3/3        EV: 17    Int: 10    God:
Gold:   114        SH:  0    Dex: 17    Spells: 2/2 levels left

rFire   . . .      SeeInvis .   a - +0 falchion
rCold   . . .      Faith    .   (no shield)
rNeg    . . .      Spirit   .   b - +0 robe
rPois   .          Reflect  .   (no helmet)
rElec   .          Harm     .   (no cloak)
rCorr   .          Rampage  .   (no gloves)
Will    .....                   (no boots)
Stlth   ++........              (no amulet)
HPRegen 0.09/turn               p - +4 ring of evasion
MPRegen 0.08/turn               (no ring)

@: no status effects
A: no striking features
a: no special abilities


You were on level 2 of the Dungeon.
You visited 1 branch of the dungeon, and saw 2 of its levels.

You collected 114 gold pieces.

Inventory:

Hand Weapons
 a - a +0 falchion (weapon)
 q - a +0 arbalest
Missiles
 d - 2 throwing nets (quivered)
 f - 2 atropa-tipped darts
 k - 3 boomerangs
 o - 5 poisoned darts
Armour
 b - a +0 robe (worn)
Jewellery
 g - a ring of ice
 p - a +4 ring of evasion (left hand)
Scrolls
 h - 2 scrolls of blinking {unknown}
 i - a scroll of teleportation {unknown}
 l - a scroll of fear {unknown}
 m - a scroll of brand weapon {unknown}
 n - a scroll of summoning {unknown}
Potions
 c - 2 potions of ambrosia
 e - 2 potions of lignification {unknown}
 j - a potion of curing {unknown}


   Skills:
 + Level 3.3 Fighting
 + Level 3.4 Long Blades
 + Level 3.3 Dodging
 - Level 2.0 Stealth


You had 2 spell levels left.
You didn't know any spells.
Your spell library contained the following spells:

 Spells                   Type           Power      Damage    Failure   Level
 Ensorcelled Hibernation  Hex/Ice        0%         N/A       50%         2
 Spider Form              Tmut/Pois      0%         N/A       75%         3
 Anguish                  Hex/Necr       0%         N/A       98%         4


Dungeon Overview and Level Annotations

Branches:
Dungeon (2/15)

Altars:


Message History

You climb downwards.
The worm bites you!
There is a stone staircase leading up here.
You climb upwards.
There is a stone staircase leading down here.
You slash the worm!
The worm is heavily wounded.
The worm misses you.
You slash the worm!
The worm is almost dead.
The worm closely misses you.
You hit the worm.
The worm is almost dead.
The worm barely misses you.
You barely miss the worm.
The worm is almost dead.
You slash the worm!
You kill the worm!
You start resting.
HP restored.
You climb downwards.
The worm closely misses you.
There is a stone staircase leading up here.
You hit the worm.
The worm is lightly wounded.
The worm bites you!
You hit the worm.
The worm is lightly wounded.
The worm completely misses you.
You hit the worm.
The worm is moderately wounded.
The worm bites you.
You slash the worm!
The worm is severely wounded.
You barely miss the worm.
The worm is severely wounded.
The worm bites you!
* * * LOW HITPOINT WARNING * * *
You hit the worm.
The worm is severely wounded.
The worm bites you!
You die...

.####+#### ...#
.##......# #...
..'†.....###.#
###..........#
..#..........#
..#..........#
..#######....#
..#######....#####
..+............w@#
..#$.....###.#####
###......# #.#
#..[...# #.#
#..w...# #.#
#......# #.#
?.......# #.#
####+#### ..#


You could see a worm.

Vanquished Creatures
  A worm (D:1)
  2 endoplasms
  3 goblins (D:1)
  3 hobgoblins
  2 ball pythons (D:1)
  3 bats
  A frilled lizard (D:1)
  2 kobolds
  4 rats
21 creatures vanquished.

Notes
Turn   | Place    | Note
-------+----------+-------------------------------------------
     0 | D:1      | Thatpatchoflichen the Human Monk began the quest for the
                  | Orb.
     0 | D:1      | Reached XP level 1. HP: 18/18 MP: 1/1
   239 | D:1      | Reached XP level 2. HP: 7/24 MP: 2/2
   650 | D:1      | Found a faded altar of an unknown god.
  1302 | D:2      | Identified the +6 mace "Acarineslayer" {speed, rElec rC-
                  | rN+ Str-3 Int+7}
  1411 | D:2      | Reached XP level 3. HP: 29/29 MP: 3/3
  1675 | D:2      | Slain by a worm

Illustrated notes

Levels and vault maps discovered:
D:1:      dpeg_arrival_central, layout_basic, ebering_ecumenical_altar_ruins
D:2:      layout_basic

Action                   || total
-------------------------++-------
Melee: Falchion          ||    66
 Stab: Sleeping          ||     1
Armor: Robe              ||     8
Dodge: Dodged            ||    55
